 Dungeon Crawl Stone Soup version 0.30-a0-377-g5cb311bc9f (webtiles) character file.

Game seed: 17801094306214888830

52 qeuew the Shooter (level 3, -3/22 HPs)
             Began as a Tengu Hunter on Nov 29, 2022.
             Killed by divine providence
             ... invoked by an orc priest
              (14 damage)
             ... on level 3 of the Dungeon.
             The game lasted 00:01:50 (1610 turns).

qeuew the Shooter (Tengu Hunter)                    Turns: 1610, Time: 00:01:50

Health: -3/22      AC:  7    Str: 11    XL:     3   Next: 85%
Magic:  4/4        EV: 10    Int:  9    God:
Gold:   185        SH:  0    Dex: 25    Spells: 2/2 levels left

rFire   + . .      SeeInvis .    a - +0 shortbow
rCold   . . .      Faith    .    (shield currently unavailable)
rNeg    . . .      Spirit   .    l - +1 scale mail {rF+}
rPois   .          Reflect  .    (helmet restricted)
rElec   .          Harm     .    (no cloak)
rCorr   .          Rampage  .    (no gloves)
Will    .....                    (boots unavailable)
Stlth   +.........               (no amulet)
HPRegen 0.23/turn                c - +6 ring of dexterity
MPRegen 0.09/turn                (no ring)

@: no status effects
A: beak, talons 3
a: no special abilities


You were on level 3 of the Dungeon.
You visited 1 branch of the dungeon, and saw 3 of its levels.

You collected 185 gold pieces.

Inventory:

Hand Weapons
 a - a +0 shortbow (weapon)
Armour
 l - a +1 scale mail of fire resistance (worn)
Jewellery
 c - a +6 ring of dexterity (left hand)
Scrolls
 b - 2 scrolls of enchant weapon
 d - a scroll of identify
 h - a scroll of fear
Potions
 i - a potion of magic


   Skills:
 - Level 2.6 Fighting
 - Level 4.7 Ranged Weapons
 - Level 1.4 Armour
 - Level 2.8 Dodging
 * Level 1.3 Stealth


You had 2 spell levels left.
You didn't know any spells.
Your spell library was empty.

Dungeon Overview and Level Annotations

Branches:
Dungeon (3/15)

Altars:


Innate Abilities, Weirdness & Mutations

You have a beak for a mouth.
You have claws for feet.


Message History

An orc comes into view. It is wielding a +1 dagger of speed.
An orc priest comes into view.
It is wielding a +0 flail of holy wrath.
The orc moves out of view.
You shoot an arrow. The orc priest shouts!
The arrow hits the orc!
You kill the orc!
An orc comes into view. It is wielding a +0 flail.
There are monsters nearby!
You shoot an arrow. The orc shouts!
The arrow hits the orc priest!
The orc priest is severely wounded.
An orc comes into view. It is wielding a +0 flail.
A dart slug comes into view.
There are monsters nearby!
You shoot an arrow.
The arrow hits the orc but does no damage.
An orc comes into view. It is wielding a +0 war axe.
You shoot an arrow. The arrow hits the orc.
The orc is heavily wounded.
The orc hits you with a +0 flail.
The orc priest calls down the wrath of Beogh upon you.
Beogh smites you!
Ouch! That really hurt!
* * * LOW HITPOINT WARNING * * *
An orc priest comes into view. It is wielding a +0 hand axe.
The orc closely misses you.
You are too injured to fight recklessly!
You are too injured to fight recklessly!
Unknown command.
You feel better. The orc closely misses you.
The orc priest begins to cast a cantrip, but forgets the words!
The orc closely misses you.
The orc priest calls upon Beogh to heal the orc priest.
The orc priest is healed somewhat.
The orc priest mumbles some strange prayers to Beogh against you.
Beogh smites you!
Ouch! That really hurt!
You die...

.$. $o #####
.. .... .
#..#o#
..#.####.
###.oo.)...
#..# ####..o.#
##..##....@###
.......†####
.###.##.#
#..#.# #.#.#
#.#.# #...# .#
###..## ##[#
#....#### #...


You could see 2 orc priests and 3 orcs.

Vanquished Creatures
  An adder (D:2)
  An orc (D:3)
  5 ball pythons
  3 endoplasms
  A giant cockroach (D:2)
  A hobgoblin (D:1)
  4 jackals (D:1)
  3 quokkas
  6 bats
  3 frilled lizards
  5 goblins
  3 kobolds
  3 rats
39 creatures vanquished.

Vanquished Creatures (others)
  4 plants (D:3)
4 creatures vanquished.

Grand Total: 43 creatures vanquished

Notes
Turn   | Place    | Note
-------+----------+-------------------------------------------
     0 | D:1      | qeuew the Tengu Hunter began the quest for the Orb.
     0 | D:1      | Reached XP level 1. HP: 12/12 MP: 2/2
   141 | D:1      | Reached XP level 2. HP: 17/17 MP: 3/3
   717 | D:1      | Reached skill level 1 in Armour
   754 | D:1      | You fall into a shaft and drop 1 floor!
   803 | D:2      | Reached XP level 3. HP: 22/22 MP: 4/4
  1610 | D:3      | Killed from afar by an orc priest

Illustrated notes

Levels and vault maps discovered:
D:1:      dpeg_arrival_central, layout_basic, st_stairs_8
D:2:      minmay_recursive_quarters, layout_rooms, moated_statue
D:3:      layout_rooms, serial_bayou_pond_a

Skill      XL: |  1  2 |
---------------+-------+-----
Armour         | 1 |  1.4
Fighting       | |  2.6
Ranged Weapons | |  4.7
Dodging        | |  2.8
Stealth        | |  1.3

Action                   || total
-------------------------++-------
 Fire: Shortbow          ||    78
  Use: Scroll            ||     9
       Potion            ||     1
Armor: Leather armour    ||     4
       Scale mail        ||     7
Dodge: Dodged            ||    20

Table legend: (Time is in decaauts)
 A = Elapsed time spent in this place.
 B = Non-inter-level travel time spent in this place.
 C = Inter-level travel time spent in this place.
 D = Time resting spent in this place.
 E = Time spent auto-exploring this place.
 F = Levels seen in this place.
 G = Mean time per level.
                   A        B        C        D        E       F      G
               +--------+--------+--------+--------+--------+-----+--------+
         Total |   1640 |   1595 |     45 |      0 |   1382 |   3 |  546.7 |
       Dungeon |   1640 |   1595 |     45 |      0 |   1382 |   3 |  546.7 |
               +--------+--------+--------+--------+--------+-----+--------+

Top non-repeatable levels by time:
     D:1: 981 daAuts
     D:2: 603 daAuts
     D:3: 55 daAuts
